 Dungeon Crawl Stone Soup version 0.25.1-2-g60ff931df9 (webtiles) character file.

Game seed: 1517386446911169354

3583499 Amplified the Conqueror (level 27, 252/252 (253) HPs)
             Began as a Minotaur Fighter on Oct 19, 2020.
             Was the Champion of Cheibriados.
             Escaped with the Orb
             ... and 5 runes on Oct 20, 2020!
             The game lasted 01:54:48 (61143 turns).

Amplified the Conqueror (Minotaur Fighter)         Turns: 61143, Time: 01:54:49

HP:   252/252 (253) AC: 40    Str: 48    XL:     27
MP:   42/42         EV: 35    Int: 22    God:    Cheibriados [******]
Gold: 3394          SH: 40    Dex: 35    Spells: 39/49 levels left

rFire    + + +     SeeInvis .   h - +9 broad axe (freeze)
rCold    + + +     Gourm    .   Q - +8 tower shield "Xatuttoc" {rF- rN+ rCorr Dex+5}
rNeg     + + +     Faith    +   r - +5 gold dragon scales of the Frog {rElec rPois rF+ rC+}
rPois    +         Spirit   .   y - +2 hat {MR+}
rElec    +         Reflect  .   p - scarf {rC+ rF+}
rCorr    +         Harm     .   k - +2 pair of gloves {Str+3}
MR       +++++                  A - +2 pair of boots
Stlth    ..........             z - amulet "Taugoat" {Faith *Corrode rN++ Str+3 Stlth+}
HPRegen  0.52/turn              P - ring "Lerotuom" {*Drain rElec rF+ MR+++ MP+9}
MPRegen  0.28/turn              D - ring "Dato Byc" {*Drain rF+ rC+ Stlth-}

@: very slow
A: retaliatory headbutt, horns 2, rugged brown scales 1, deterioration 2, frail
1, low mp 1, mutation resistance 1
0: Orb of Zot
}: 5/15 runes: decaying, serpentine, slimy, silver, abyssal
a: Bend Time, Temporal Distortion, Slouch, Step From Time, Renounce Religion


You escaped.
You worshipped Cheibriados.
Cheibriados was exalted by your worship.
You were full.

You visited 11 branches of the dungeon, and saw 57 of its levels.
You visited the Abyss 1 time.
You visited 1 bazaar.
You visited 1 ziggurat, and saw 11 of its levels.
You also visited: Ossuary, Bailey, Gauntlet and Volcano.

You collected 12679 gold pieces.
You spent 9285 gold pieces at shops.

Inventory:

Hand Weapons
 b - a +9 antimagic broad axe
 h - a +9 broad axe of freezing (weapon)
 v - a +9 broad axe of electrocution
Missiles
 e - 175 poisoned darts
 n - 10 throwing nets
 H - 20 curare-tipped darts (quivered)
Armour
 k - a +2 pair of gloves of strength (worn)
 m - the +6 chain mail of Plog {rN++ MR- Str+6}
   (You found it on level 3 of the Elven Halls)

   It affects your strength (+6).
   It greatly protects you from negative energy.
   It affects your resistance to hostile enchantments.
 p - a scarf of resistance (worn)
 r - the +5 gold dragon scales of the Frog (worn) {rElec rPois rF+ rC+}
   (You bought it in a shop on level 12 of the Dungeon)

   It protects you from fire.
   It protects you from cold.
   It insulates you from electricity.
   It protects you from poison.
 y - a +2 hat of magic resistance (worn)
 A - a +2 pair of boots (worn)
 Q - the +8 tower shield "Xatuttoc" (worn) {rF- rN+ rCorr Dex+5}
   (You acquired it on level 15 of the Dungeon)

   It affects your dexterity (+5).
   It makes you vulnerable to fire.
   It protects you from negative energy.
   It provides partial protection from all sources of acid and corrosion.
Jewellery
 z - the amulet "Taugoat" (around neck) {Faith *Corrode rN++ Str+3 Stlth+}
   (You bought it in a shop on level 15 of the Dungeon)

   [amulet of faith]

   It allows you to gain divine favour quickly.
   It affects your strength (+3).
   It greatly protects you from negative energy.
   It may corrode you when you take damage.
   It makes you more stealthy.
 D - the ring "Dato Byc" (right hand) {*Drain rF+ rC+ Stlth-}
   (You found it on level 4 of the Swamp)

   [ring of attention]

   It protects you from fire.
   It protects you from cold.
   It causes draining when unequipped.
   It makes you less stealthy.
 I - the ring "Ukoiwye" {rPois rF+}
   (You found it on level 5 of the Vaults)

   [ring of protection from fire]

   It protects you from fire.
   It protects you from poison.
 P - the ring "Lerotuom" (left hand) {*Drain rElec rF+ MR+++ MP+9}
   (You bought it in a shop on level 15 of the Dungeon)

   [ring of magical power]

   It protects you from fire.
   It insulates you from electricity.
   It affects your resistance to hostile enchantments.
   It affects your magic capacity (+9).
   It causes draining when unequipped.
 W - the brooch of Shielding {Spirit SH+8}
   (You bought it in a shop on level 3 of the Depths)

   [amulet of guardian spirit]

   It causes incoming damage to be split between your health and magic.
   It affects your SH (+8).
Wands
 d - a wand of iceblast (54)
 G - a wand of acid (42)
 X - a wand of clouds (2)
Scrolls
 c - 3 scrolls of magic mapping
 g - 29 scrolls of remove curse
 o - 2 scrolls of fog
 q - 33 scrolls of teleportation
 t - 14 scrolls of amnesia
 x - a scroll of silence
 E - 3 scrolls of enchant weapon
 J - 5 scrolls of summoning
 M - 4 scrolls of brand weapon
 N - 14 scrolls of enchant armour
 S - 5 scrolls of blinking
 T - 21 scrolls of identify
 V - 6 scrolls of fear
Potions
 i - 19 potions of curing
 j - 5 potions of resistance
 l - 4 potions of ambrosia
 s - 11 potions of brilliance
 u - a potion of mutation
 w - 6 potions of lignification
 B - 15 potions of flight
 F - a potion of cancellation
 K - a potion of might
 L - a potion of stabbing
 O - 14 potions of heal wounds
 U - a potion of magic
Miscellaneous
 a - 4 phantom mirrors
Comestibles
 f - 73 rations


   Skills:
 O Level 27 Fighting
 - Level 18.2 Axes
 * Level 23.1 Armour
 * Level 25.0 Dodging
 - Level 25.3 Shields
 - Level 11.7 Spellcasting
 * Level 21.8 Invocations


You had 39 spell levels left.
You knew the following spells:

 Your Spells              Type           Power        Failure   Level  Hunger
a - Confusing Touch       Hex            ##......     50%         3    None
b - Frozen Ramparts       Ice            ##....       50%         3    None
c - Passwall              Tmut/Erth      ##......     28%         2    None
d - Blink                 Tloc           N/A          28%         2    None

Your spell library contained the following spells:

 Spells                   Type           Power        Failure   Level  Hunger
 Animate Skeleton         Necr           N/A          19%         1    None
 Beastly Appendage        Tmut           ##....       19%         1    None
 Corona                   Hex            ##.....      19%         1    None
 Freeze                   Ice            ##..         19%         1    None
 Infusion                 Chrm           ##..         19%         1    None
 Pain                     Necr           ##..         19%         1    None
 Sandblast                Erth           ##....       19%         1    None
 Shock                    Conj/Air       ##..         19%         1    None
 Sting                    Tmut/Pois      ##..         19%         1    None
 Summon Butterflies       Summ           ##......     19%         1    None
 Summon Small Mammal      Summ           ##..         19%         1    None
 Call Imp                 Summ           ##......     28%         2    None
 Corpse Rot               Necr/Air       N/A          28%         2    None
 Ensorcelled Hibernation  Hex/Ice        ##....       28%         2    None
 Poisonous Vapours        Pois/Air       ##....       28%         2    None
 Shroud of Golubria       Chrm/Tloc      ##....       28%         2    None
 Slow                     Hex            ##......     28%         2    None
 Song of Slaying          Chrm           ##......     28%         2    None
 Sticks to Snakes         Tmut           ##......     28%         2    None
 Sublimation of Blood     Necr           ##........   28%         2    None
 Swiftness                Chrm/Air       ##......     28%         2    None
 Call Canine Familiar     Summ           ##......     50%         3    None
 Conjure Flame            Conj/Fire      ##......     50%         3    None
 Dazzling Flash           Conj/Hex       ##....       50%         3    None
 Gell's Gravitas          Tloc           ##........   50%         3    None
 Ignite Poison            Fire/Tmut/Pois ##......     50%         3    None
 Inner Flame              Hex/Fire       ##......     50%         3    None
 Lesser Beckoning         Tloc           ##........   50%         3    None
 Mephitic Cloud           Conj/Pois/Air  ##......     50%         3    None
 Ozocubu's Armour         Chrm/Ice       ##......     50%         3    None
 Portal Projectile        Hex/Tloc       ##....       50%         3    None
 Recall                   Summ/Tloc      N/A          50%         3    None
 Spectral Weapon          Hex/Chrm       ##......     50%         3    None
 Spider Form              Tmut/Pois      ##........   50%         3    None
 Static Discharge         Conj/Air       ##......     50%         3    None
 Stone Arrow              Conj/Erth      ##....       50%         3    None
 Summon Guardian Golem    Hex/Summ       ##......     50%         3    None
 Teleport Other           Tloc           ##......     50%         3    None
 Tukima's Dance           Hex            ##......     50%         3    None
 Vampiric Draining        Necr           ##........   50%         3    None
 Airstrike                Air            ##........   88%         4    None
 Animate Dead             Necr           N/A          88%         4    None
 Cause Fear               Hex            ##........   88%         4    None
 Hailstorm                Conj/Ice       ##......     88%         4    None
 Ice Form                 Ice/Tmut       ##......     88%         4    None
 Leda's Liquefaction      Hex/Erth       ##........   88%         4    None
 Olgreb's Toxic Radiance  Pois           ##......     88%         4    None
 Petrify                  Tmut/Erth      ##......     88%         4    None
 Summon Ice Beast         Ice/Summ       ##......     88%         4    None
 Summon Lightning Spire   Summ/Air       ##......     88%         4    None
 Aura of Abjuration       Summ           ##........   99%         5    ####...
 Blade Hands              Tmut           ##........   99%         5    ####...
 Bolt of Magma            Conj/Fire/Erth ##........   99%         5    ####...
 Borgnjor's Vile Clutch   Necr/Erth      ##........   99%         5    ####...
 Excruciating Wounds      Chrm/Necr      ##........   99%         5    ####...
 Fireball                 Conj/Fire      ##........   99%         5    ####...
 Iskenderun's Battlesphe  Conj/Chrm      ##......     99%         5    ####...
 Lee's Rapid Deconstruct  Erth           ##........   99%         5    ####...
 Lightning Bolt           Conj/Air       ##........   99%         5    ####...
 Metabolic Englaciation   Hex/Ice        ##........   99%         5    ####...
 Silence                  Hex/Air        ##........   99%         5    ####...
 Summon Demon             Summ           ##........   99%         5    ####...
 Summon Forest            Summ/Tloc      ##........   99%         5    ####...
 Summon Mana Viper        Hex/Summ       ##......     99%         5    ####...
 Yara's Violent Unravell  Hex/Tmut       ##........   99%         5    ####...
 Conjure Ball Lightning   Conj/Air       ##........   100%        6    #####..
 Darkness                 Hex            ##........   100%        6    #####..
 Death Channel            Necr           ##........   100%        6    #####..
 Eringya's Noxious Bog    Tmut/Pois      ##........   100%        6    #####..
 Freezing Cloud           Conj/Ice/Air   ##........   100%        6    #####..
 Invisibility             Hex            ##......     100%        6    #####..
 Iron Shot                Conj/Erth      ##........   100%        6    #####..
 Shadow Creatures         Summ           N/A          100%        6    #####..
 Simulacrum               Ice/Necr       ##........   100%        6    #####..
 Starburst                Conj/Fire      ##........   100%        6    #####..
 Statue Form              Tmut/Erth      ##.......    100%        6    #####..
 Orb of Destruction       Conj           ##........   100%        7    #######
 Ring of Flames           Chrm/Fire      ##........   100%        7    #######
 Spellforged Servitor     Conj/Summ      ##........   100%        7    #######
 Summon Hydra             Summ           ##........   100%        7    #######
 Death's Door             Chrm/Necr      ##........   100%        8    #######
 Discord                  Hex            ##........   100%        8    #######
 Ignition                 Fire           ##........   100%        8    #######
 Shatter                  Erth           ##........   100%        9    #######
 Tornado                  Air            ##........   100%        9    #######
 Passage of Golubria      Tloc           Unusable     N/A         4    N/A

Dungeon Overview and Level Annotations

Branches:
Dungeon (15/15)            Temple (0/1) D:6            Lair (6/6) D:8
  Swamp (4/4) Lair:3        Snake (4/4) Lair:2        Slime (5/5) Lair:6
    Orc (2/2) D:11            Elf (3/3) Orc:2        Vaults (5/5) D:13
  Crypt (3/3) Vaults:2       Tomb (0/3) Crypt:3      Depths (5/5) D:15
    Zot (5/5) Depths:5    Ossuary (visited)          Bailey (visited)
Volcano (visited)         Gauntlet (visited)

Altars:
Ashenzari
Cheibriados
Elyvilon
Gozag
Hepliaklqana
Kikubaaqudgha
Makhleb
Okawaru
Uskayaw
Xom
Zin
Beogh
Jiyva

Shops:
D:4 =   D:5 [[   D:8 *   D:12 [   D:15 =   Orc:2 ([(!   Vaults:2 (:*?(**[
Depths:2 [   Depths:3 =   Depths:5 (*

Portals:
Hell: Depths:1 Depths:2 Depths:3 Depths:4 Depths:5
Abyss: Depths:4
Pandemonium: Depths:3 Depths:4 Depths:5

Annotations:
D:12 Dragonscales for instawin
D:15 Good rings
Vaults:4 Safe slide to endgame
Depths:1 26 runed doors


Innate Abilities, Weirdness & Mutations

You reflexively headbutt those who attack you in melee.
You have a pair of horns on your head.
You are partially covered in rugged brown scales. (AC +1, +3% HP)
Your body often deteriorates upon taking damage.
You are frail. (-10% HP)
Your magical capacity is low. (-10% MP)
You are somewhat resistant to further mutation.


Message History

Aiming: Dig
Press: ? - help, Shift-Dir - straight line A rock wall.
This square is covered in magical glow.
The rock shatters into small pieces.
You see here 17 stones.
Evoke which item? (* to show all) (? for menu, Esc to quit)
Aiming: Dig
Press: ? - help, Shift-Dir - straight line You can't see that place.
The rock shatters into small pieces.
Evoke which item? (* to show all) (? for menu, Esc to quit)
Aiming: Dig
Press: ? - help, Shift-Dir - straight line A rock wall.
This square is covered in magical glow.
The rock shatters into small pieces.
The now-empty wand crumbles to dust.
A Hell Sentinel comes into view.
There is a staircase leading out of the dungeon here.
You have escaped!

##### ######.@.######
###.............###
###.................###
#.'.................'.#
#.#.......1.........#.#
#.###.............###.#
#.# ###.........###
#.## #.# ###.....###
#[.# #.#
###.........### ##.#


You could see a Hell Sentinel.

Vanquished Creatures
  the Royal Jelly (Slime:5)
  5 ancient liches
  5 orbs of fire
  Mara (Snake:3)
  A juggernaut (Depths:4)
  2 greater mummies (Zig:5)
  9 Killer Klowns
  Saint Roka (Vaults:1)
  Xtahua (Depths:3)
  8 caustic shrikes
  A curse toe (Zot:5)
  6 golden dragons
  A profane servitor (Zig:7)
  A golden dragon (shapeshifter) (Zig:1)
  2 electric golems (Zot:5)
  5 bone dragons
  6 liches
  8 tentacled monstrosities
  Jorgrun (D:12)
  28 Orb Guardians
  Rupert (D:15)
  3 quicksilver dragons
  4 large abominations
  2 deep elf blademasters (Elf:3)
  9 titans
  2 deep elf master archers (Elf:3)
  The ghost of Imoorr the Blocker, an adept FoFi of Jiyva (Swamp:3)
  5 ancient champions
  Frances (Swamp:1)
  2 tentacled starspawn
  28 acid blobs
  An eldritch tentacle (Abyss:4)
  8 sphinxes
  The ghost of Talioz the Brawler, an adept TrHu of Cheibriados (Swamp:3)
  Agnes (D:15)
  4 death cobs
  9 nagarajas
  5 tengu reavers
  Roxanne (Snake:1)
  5 storm dragons
  11 azure jellies
  A thorn hunter (Swamp:2)
  4 draconian monks
  9 shadow dragons
  An azure jelly (shapeshifter) (Depths:2)
  8 deep elf sorcerers
  2 draconian knights
  10 fire giants
  3 revenants
  Aizul (Snake:1)
  13 frost giants
  35 vault wardens
  4 iron dragons
  A balrug (Depths:2)
  A draconian scorcher (Zig:8)
  An orc warlord (Orc:2)
  2 ghouls
  A caustic shrike zombie (Zig:9)
  5 draconian shifters
  7 deep elf elementalists
  27 very ugly things
  2 spriggan defenders (Depths:3)
  A draconian stormcaller (Zig:8)
  Louise (Snake:2)
  3 reapers
  A juggernaut skeleton (Depths:4)
  2 war gargoyles
  16 ironheart preservers
  3 draconian annihilators
  34 stone giants
  3 entropy weavers
  3 yellow draconians
  A caustic shrike skeleton (Depths:4)
  14 vampire knights
  5 white draconians
  4 spark wasps (Depths:2)
  8 deep elf annihilators
  12 deep elf demonologists
  2 green draconians
  Azrael (Snake:1)
  A black draconian (Depths:5)
  A minotaur (Gauntlet)
  5 purple draconians
  7 red draconians
  A spark wasp (shapeshifter) (Vaults:5)
  2 merfolk javelineers (Zig:10)
  7 ettins
  A crystal guardian (Vaults:3)
  10 eidola
  A mummy priest (Zig:5)
  9 deep elf death magi
  A blizzard demon (Depths:2)
  2 merfolk impalers (Zig:10)
  4 spectral quicksilver dragons (Crypt:3)
  10 fire dragons
  6 death oozes
  10 jiangshi
  16 yaktaur captains
  A spectral golden dragon (Crypt:3)
  Erolcha (D:9)
  6 deep elf high priests
  10 great orbs of eyes
  37 vault guards
  Harold (D:7)
  6 spriggan air magi
  4 rakshasas
  34 hydras
  A spectral shadow dragon (Crypt:3)
  7 ice dragons
  2 hell beasts
  16 naga warriors
  5 catoblepae
  4 shambling mangroves
  A merfolk aquamancer (Zig:10)
  The ghost of Lafudoeph the Transmogrifier, a journeyman OpTm of Cheibriados (D:11)
  17 centaur warriors
  19 anacondas
  10 ogre magi
  29 two-headed ogres
  26 dancing weapons
  7 deep troll shamans
  4 tengu warriors
  A queen ant (Lair:5)
  A satyr (shapeshifter) (Depths:2)
  A death yak (shapeshifter) (Vaults:5)
  5 death knights
  7 vampire magi
  A spectral dire elephant (Crypt:3)
  13 alligators
  3 thrashing horrors (Abyss:1)
  2 orc high priests
  10 deep troll earth magi
  2 spectral storm dragons (Crypt:3)
  3 wretched stars
  13 naga sharpshooters
  9 spriggan berserkers
  A titan skeleton (Vaults:4)
  28 deep elf knights
  4 shock serpents
  2 fire crabs (Gauntlet)
  2 sun demons (Depths:2)
  3 salamander mystics (Snake:4)
  4 iron trolls (Depths:4)
  7 shadow wraiths
  11 skeletal warriors
  2 sixfirhies
  A hell knight (Depths:5)
  2 sea snakes (shapeshifter)
  2 sea snakes (Zig:10)
  A torturous demonspawn (Depths:3)
  7 unseen horrors
  13 flayed ghosts
  36 deep trolls
  A spatial maelstrom (Abyss:1)
  12 swamp dragons
  7 wizards
  8 glowing orange brains
  A spectral anaconda (Crypt:3)
  2 spectral iron dragons (Crypt:3)
  10 naga ritualists
  18 deep elf archers
  An orange crystal statue (Depths:2)
  A deep troll (shapeshifter) (Vaults:3)
  An infernal demonspawn (D:5)
  A gelid demonspawn (D:5)
  A spectral hydra (Crypt:3)
  A swamp dragon (shapeshifter) (Vaults:4)
  A tengu zombie (Vaults:4)
  2 lindwurms (Lair:6)
  4 necromancers
  31 ironbrand convokers
  A tengu skeleton (Vaults:4)
  A wolf spider zombie (Crypt:1)
  20 mana vipers
  A spectral ettin (Crypt:3)
  21 phantasmal warriors
  A wolf spider (shapeshifter) (Vaults:5)
  A spectral fire dragon (Crypt:3)
  14 orc knights
  43 ugly things
  8 harpies
  2 wolf spiders (Vaults:1)
  61 deep elf magi
  6 orc sorcerers
  11 moths of wrath
  A shining eye (shapeshifter) (Vaults:5)
  5 cyclopes
  5 manticores
  5 shining eyes
  2 stone giant zombies
  A spectral shock serpent (Crypt:3)
  17 elephants
  An elephant (shapeshifter) (Zig:2)
  A worldbinder (Abyss:1)
  12 salamanders
  A moth of wrath (shapeshifter) (Depths:4)
  A black mamba (shapeshifter) (Depths:5)
  13 guardian serpents
  Joseph (D:8)
  A merfolk siren (Zig:10)
  17 naga magi
  A frost giant skeleton (Crypt:1)
  A stone giant skeleton (Crypt:3)
  3 rust devils
  29 black mambas
  2 smoke demons
  A water nymph (Zig:10)
  3 centaur skeletons
  21 spiny frogs
  A yellow draconian zombie (Crypt:2)
  28 vault sentinels
  Maurice (D:12)
  An eye of devastation (Slime:5)
  2 apocalypse crabs (Zig:2)
  2 orange demons
  3 gargoyles
  5 rime drakes
  3 hellions
  25 freezing wraiths
  2 hellwings
  57 yaktaurs
  7 komodo dragons
  A yellow draconian skeleton (Crypt:1)
  4 ice devils
  5 tormentors
  4 guardian mummies (Zig:5)
  3 tengu conjurers
  A pale draconian skeleton (Crypt:2)
  A golden dragon simulacrum (Depths:4)
  A harpy zombie (Crypt:3)
  2 trolls (shapeshifter)
  A white draconian skeleton (Crypt:2)
  8 merfolk (Zig:10)
  129 slime creatures
  13 trolls
  8 tyrant leeches
  2 wind drakes (shapeshifter)
  A hornet (shapeshifter) (D:14)
  Grinder (D:6)
  A harpy skeleton (Crypt:1)
  A tengu simulacrum (Vaults:3)
  17 hornets
  20 blink frogs
  3 blink frogs (shapeshifter)
  A shadow dragon simulacrum (Crypt:3)
  Prince Ribbit (D:5)
  2 raiju (Abyss:1)
  A wind drake (Zig:10)
  9 bog bodies
  An ettin zombie (Vaults:4)
  8 hippogriffs
  A snapping turtle (shapeshifter) (Vaults:2)
  6 dream sheep (Lair:6)
  2 snapping turtles (Zig:10)
  A stone giant simulacrum (Crypt:3)
  A fire giant simulacrum (Crypt:3)
  A frost giant simulacrum (Vaults:4)
  A spriggan (shapeshifter) (Vaults:1)
  9 flying skulls
  10 spriggans
  2 shadows
  4 air elementals
  58 yaks
  4 wraiths
  2 ynoxinuls
  2 redbacks (Vaults:4)
  12 starcursed masses
  7 fire elementals
  13 wyverns
  8 water elementals
  An ushabti (Depths:1)
  14 fire bats
  A golden eye (shapeshifter) (Vaults:5)
  13 golden eyes
  2 small abominations (Abyss:3)
  2 basilisks
  23 humans (D:13)
  11 vampire mosquitoes
  Grum (D:8)
  5 steam dragons
  A basilisk (shapeshifter) (Vaults:4)
  A hungry ghost (D:11)
  3 neqoxecs
  A human (shapeshifter) (Vaults:4)
  An emperor scorpion simulacrum (Crypt:3)
  2 chaos spawn
  12 swamp worms
  A spectral elf (Crypt:3)
  10 insubstantial wisps
  5 wargs
  44 nagas
  3 acid dragons
  24 soldier ants (Lair:6)
  7 porcupines
  6 hell hounds
  5 water moccasins
  A two-headed ogre zombie (Crypt:2)
  A spectral snapping turtle (Crypt:3)
  3 floating eyes
  A lindwurm zombie (Crypt:2)
  16 swamp drakes
  59 orc warriors
  2 sky beasts
  3 ice beasts
  2 black bears
  2 elf zombies
  3 human zombies
  A phantom (D:13)
  A black bear (shapeshifter) (Vaults:3)
  18 wolves
  42 ogres
  An eye of draining (shapeshifter) (Vaults:2)
  4 necrophages
  3 eyes of draining
  An ice dragon simulacrum (Crypt:3)
  10 boggarts
  An elf skeleton (Vaults:4)
  A snapping turtle skeleton (Crypt:1)
  33 centaurs
  A hog skeleton (Crypt:3)
  18 crocodiles
  A spectral human (Crypt:3)
  A yaktaur zombie (Crypt:2)
  9 big kobolds
  25 bullfrogs
  3 gnoll sergeants
  A water moccasin zombie (D:12)
  A wyvern zombie (D:8)
  2 earth elementals (Elf:2)
  10 scorpions
  A yak zombie (Crypt:1)
  A spriggan skeleton (Crypt:2)
  6 killer bees (D:10)
  14 wights
  An electric eel (Lair:3)
  8 centaur zombies
  4 howler monkeys (D:7)
  12 crimson imps
  5 bullfrog zombies
  6 quasits
  A wolf skeleton (Crypt:1)
  21 orc priests
  4 hounds
  7 jellies
  30 orc wizards
  6 bullfrog skeletons
  4 iguanas
  4 iron imps
  Ijyb (D:3)
  Natasha (thrice) (D:3)
  25 worker ants
  A big kobold zombie (Ossuary)
  A demigod skeleton (Crypt:3)
  A dwarf skeleton (Crypt:2)
  2 hound zombies
  A hound skeleton (D:7)
  7 mummies
  A worker ant zombie (D:9)
  8 gnolls
  An adder (shapeshifter) (Vaults:5)
  4 adders
  4 scorpion zombies (Ossuary)
  A steam dragon skeleton (Crypt:3)
  A steam dragon zombie (Crypt:3)
  3 shadow imps
  5 white imps
  4 ufetubi
  An adder skeleton (Crypt:3)
  A lava snake skeleton (Crypt:1)
  A worm (D:2)
  A worm (shapeshifter) (Vaults:5)
  2 dart slugs (D:1)
  4 leopard geckos
  167 orcs
  4 giant cockroaches
  4 gnoll zombies (Ossuary)
  9 goblins
  4 hobgoblins
  12 jackals
  2 quokkas
  2 ball pythons
  6 bats
  5 frilled lizards
  6 goblin zombies (Ossuary)
  A hobgoblin zombie (Ossuary)
  2 jackal zombies
  12 kobolds
  3 kobold zombies
  2 rats
  A river rat skeleton (Crypt:3)
  6 crawling corpses
  3 fungi
  9 plants
  4 starspawn tentacles
2922 creatures vanquished.

Vanquished Creatures (others)
  A nagaraja (Snake:4)
  A draconian shifter (Zot:5)
  A merfolk aquamancer (Zig:10)
  A deep elf knight (Elf:2)
  A necromancer (D:11)
  A mana viper (Snake:1)
  A salamander (Snake:4)
  A naga mage (Snake:4)
  A rime drake (Zig:3)
  A merfolk (Zig:10)
  A slime creature (Slime:3)
  A steam dragon (Volcano)
  2 nagas (Snake:4)
  An ogre (Vaults:1)
  A scorpion (Ossuary)
  An orc (Elf:1)
  An orc zombie (Ossuary)
  4 fungi
  18 plants
  2 starspawn tentacles
  8 withered plants
50 creatures vanquished.

Grand Total: 2972 creatures vanquished

Notes
Turn   | Place    | Note
-------+----------+-------------------------------------------
     0 | D:1      | Amplified the Minotaur Fighter began the quest for the Orb.
     0 | D:1      | Reached XP level 1. HP: 19/19 MP: 0/0
   201 | D:1      | Reached XP level 2. HP: 27/27 MP: 1/1
   547 | D:2      | Noticed a centaur
   721 | D:3      | Noticed Ijyb
   746 | D:2      | Found an opulent altar of Gozag.
  1049 | D:2      | Reached skill level 4 in Fighting
  1055 | D:2      | Reached XP level 3. HP: 25/33 MP: 2/2
  1378 | D:2      | Killed a centaur
  1378 | D:2      | Reached skill level 1 in Dodging
  1378 | D:2      | Reached XP level 4. HP: 38/41 MP: 3/3
  2039 | D:3      | Noticed Natasha
  2050 | D:3      | Killed Natasha
  2050 | D:3      | Reached XP level 5. HP: 35/47 MP: 4/4
  2135 | D:3      | Noticed Natasha
  2141 | D:3      | Killed Natasha
  2252 | D:3      | Found a glowing silver altar of Zin.
  2252 | D:3      | Found a faded altar of an unknown god.
  2257 | D:3      | Found an iron altar of Okawaru.
  2260 | D:3      | Found a faded altar of an unknown god.
  2261 | D:3      | Found a shimmering altar of Xom.
  2266 | D:3      | Became a worshipper of Cheibriados the Contemplative
  2266 | D:3      | Reached * piety under Cheibriados
  2419 | D:3      | Noticed a +0 hand axe
  2419 | D:3      | Noticed a +0 hand axe
  2420 | D:3      | Found a hide-covered altar of Uskayaw.
  2561 | D:4      | Reached skill level 5 in Fighting
  2561 | D:4      | Reached skill level 5 in Shields
  2561 | D:4      | Reached skill level 1 in Invocations
  2584 | D:4      | Reached XP level 6. HP: 51/56 MP: 5/5
  2770 | D:5      | Entered Level 5 of the Dungeon
  2911 | D:5      | Noticed a sky beast
  2920 | D:5      | Killed a sky beast
  2944 | D:5      | Found Xuonu's Antique Armour Shop.
  3154 | D:5      | Found Xijuruxt's Antique Armour Shoppe.
  3240 | D:5      | Reached ** piety under Cheibriados
  3268 | D:5      | Reached XP level 7. HP: 55/61 MP: 7/7
  3436 | D:5      | Reached skill level 5 in Axes
  3461 | D:5      | Noticed Prince Ribbit
  3487 | D:5      | Killed Prince Ribbit
  3487 | D:5      | Reached skill level 6 in Fighting
  3792 | D:6      | Found a sand-covered staircase.
  3946 | D:6      | Reached XP level 8. HP: 59/71 MP: 9/9
  4000 | Ossuary  | Entered an ossuary
  4090 | Ossuary  | Reached *** piety under Cheibriados
  4154 | Ossuary  | Reached skill level 7 in Fighting
  4552 | D:6      | Noticed Grinder
  4564 | D:6      | Paralysed by Grinder for 3 turns
  4567 | D:6      | Killed Grinder
  4994 | D:6      | Found a staircase to the Ecumenical Temple.
  5292 | D:7      | Noticed Harold
  5311 | D:7      | Killed Harold
  5311 | D:7      | Reached skill level 8 in Fighting
  5311 | D:7      | Reached skill level 5 in Invocations
  5311 | D:7      | Reached XP level 9. HP: 49/81 MP: 9/12
  5797 | D:7      | Reached **** piety under Cheibriados
  6126 | D:7      | Reached skill level 9 in Fighting
  7039 | D:4      | Found a white marble altar of Elyvilon.
  7156 | D:4      | Found Uploc's Jewellery Shoppe.
  7298 | D:4      | Reached ***** piety under Cheibriados
  7361 | D:3      | Noticed Natasha
  7369 | D:3      | Killed Natasha
  7369 | D:3      | Reached XP level 10. HP: 91/91 MP: 13/13
  7379 | D:3      | Found a faded altar of an unknown god.
  7545 | D:3      | Killed Ijyb
  7626 | D:5      | Bought a pair of glowing gloves for 232 gold pieces
  7631 | D:5      | Bought a pair of boots for 139 gold pieces
  8148 | D:8      | Found a hazy altar of Hepliaklqana.
  8256 | D:8      | Noticed Joseph
  8288 | D:8      | Killed Joseph
  8416 | D:8      | Noticed a two-headed ogre
  8427 | D:8      | Killed a two-headed ogre
  8439 | D:8      | Noticed Grum
  8450 | D:8      | Reached skill level 10 in Shields
  8452 | D:8      | Killed Grum
  8810 | D:8      | Found Nesaid's Assorted Antiques.
  8881 | D:8      | Reached skill level 10 in Fighting
  9094 | D:8      | Found a staircase to the Lair.
  9183 | D:9      | Noticed Erolcha
  9191 | D:9      | Paralysed by Erolcha for 2 turns
  9198 | D:9      | Killed Erolcha
  9198 | D:9      | Reached skill level 10 in Axes
  9450 | D:9      | You fall into a shaft and drop 1 floor!
  9450 | D:10     | Entered Level 10 of the Dungeon
  9621 | D:10     | Reached XP level 11. HP: 101/101 MP: 16/16
  9746 | D:10     | Found a glowing silver altar of Zin.
 10199 | D:11     | Reached skill level 11 in Fighting
 10323 | D:11     | Found a runed translucent door.
 10323 | D:11     | Noticed a frost giant
 10324 | D:11     | Noticed a skeletal warrior
 10324 | D:11     | Noticed a lich
 10324 | D:11     | Noticed a deep troll earth mage
 10324 | D:11     | Noticed a skeletal warrior
 10324 | D:11     | Noticed a necromancer
 10325 | D:11     | Found a runed translucent door.
 10326 | D:11     | Noticed a skeletal warrior
 10329 | D:11     | Noticed Lafudoeph's ghost (journeyman OpTm)
 10443 | D:11     | Reached ****** piety under Cheibriados
 10711 | D:11     | Found a staircase to the Orcish Mines.
 11315 | D:12     | Noticed a catoblepas
 11339 | D:12     | Killed a catoblepas
 11339 | D:12     | Reached skill level 12 in Fighting
 11339 | D:12     | Reached XP level 12. HP: 41/112 MP: 18/18
 11417 | D:12     | Noticed a two-headed ogre
 11422 | D:12     | Killed a two-headed ogre
 11620 | D:12     | Found Aduobyptaa's Armour Emporium.
 11801 | D:12     | Noticed Jorgrun
 11815 | D:12     | Killed Jorgrun
 11815 | D:12     | Reached skill level 10 in Invocations
 11926 | D:12     | Noticed Maurice
 11935 | D:12     | Killed Maurice
 12204 | Lair:1   | Entered Level 1 of the Lair of Beasts
 12333 | Lair:1   | Reached skill level 13 in Fighting
 12526 | Lair:1   | Found a dark tunnel.
 12541 | Volcano  | Entered a volcano
 12595 | Volcano  | Noticed a two-headed ogre
 12595 | Volcano  | Noticed a two-headed ogre
 12615 | Volcano  | Killed a two-headed ogre
 12624 | Volcano  | Killed a two-headed ogre
 12624 | Volcano  | Reached XP level 13. HP: 97/122 MP: 16/20
 12870 | Volcano  | Noticed a fire dragon
 12880 | Volcano  | Killed a fire dragon
 13378 | Lair:2   | Found a staircase to the Snake Pit.
 14210 | Lair:3   | Reached skill level 14 in Fighting
 14452 | Lair:3   | Found a staircase to the Swamp.
 14882 | Lair:4   | Found a gate leading to a gauntlet.
 14895 | Lair:4   | Learned a level 3 spell: Confusing Touch
 14899 | Lair:4   | Learned a level 3 spell: Frozen Ramparts
 14905 | Gauntlet | Entered a Gauntlet
 14905 | Gauntlet | Found a transporter.
 14905 | Gauntlet | Found a transporter.
 14910 | Gauntlet | Found a transporter.
 14925 | Gauntlet | Found a transporter.
 14927 | Gauntlet | Found a large runed translucent door.
 14928 | Gauntlet | Found a large runed translucent door.
 14929 | Gauntlet | Found a large runed translucent door.
 14929 | Gauntlet | Found a large runed translucent door.
 14941 | Gauntlet | Found a transporter.
 14953 | Gauntlet | Found a transporter.
 14992 | Gauntlet | Found a large runed translucent door.
 15044 | Gauntlet | Found a transporter.
 15059 | Gauntlet | Found a transporter.
 15073 | Gauntlet | Found a transporter.
 15087 | Gauntlet | Found a transporter.
 15107 | Gauntlet | Found a transporter.
 15176 | Gauntlet | Found a transporter.
 15178 | Gauntlet | Found a large runed translucent door.
 15179 | Gauntlet | Found a large runed translucent door.
 15180 | Gauntlet | Found a large runed translucent door.
 15180 | Gauntlet | Found a large runed translucent door.
 15180 | Gauntlet | Found a runed translucent door.
 15181 | Gauntlet | Found a large runed translucent door.
 15182 | Gauntlet | Found a large runed translucent door.
 15183 | Gauntlet | Found a large runed translucent door.
 15183 | Gauntlet | Found a large runed translucent door.
 15184 | Gauntlet | Found a runed translucent gate.
 15186 | Gauntlet | Found a transporter.
 15197 | Gauntlet | Found a transporter.
 15197 | Gauntlet | Found a runed translucent gate.
 15198 | Gauntlet | Found a runed translucent gate.
 15199 | Gauntlet | Found a transporter.
 15199 | Gauntlet | Found a large runed translucent door.
 15200 | Gauntlet | Found a large runed translucent door.
 15201 | Gauntlet | Found a runed translucent door.
 15205 | Gauntlet | Found a transporter.
 15240 | Gauntlet | Got a fine ring mail
 15303 | Gauntlet | Identified the cursed +1 ring mail "Caroigg" {rN+ Dex+4}
                  | (You found it in a Gauntlet)
 15450 | Gauntlet | Identified the +9 great mace of Heluheg {drain, *Slow rF++
                  | Dex+2}
 15450 | Gauntlet | Noticed a minotaur
 15458 | Gauntlet | Killed a minotaur
 15923 | Lair:5   | Reached XP level 14. HP: 133/133 MP: 22/22
 16187 | Lair:5   | Reached skill level 15 in Shields
 16345 | Lair:5   | Reached skill level 15 in Fighting
 17216 | Lair:6   | Entered Level 6 of the Lair of Beasts
 17236 | Lair:6   | Noticed an entropy weaver
 17240 | Lair:6   | Noticed an entropy weaver
 17245 | Lair:6   | Killed an entropy weaver
 17354 | Lair:6   | Reached skill level 5 in Armour
 17603 | Orc:1    | Entered Level 1 of the Orcish Mines
 17688 | Orc:1    | Paralysed by an orc sorcerer for 7 turns
 17757 | Orc:1    | Found a flagged portal.
 17763 | Bailey   | Entered a bailey
 18388 | D:12     | Bought the +5 gold dragon scales of the Frog {rElec rPois
                  | rF+ rC+} for 1469 gold pieces
 18487 | Orc:2    | Entered Level 2 of the Orcish Mines
 18517 | Orc:2    | Found a roughly hewn altar of Beogh.
 18885 | Orc:2    | Found a staircase to the Elven Halls.
 19013 | Orc:2    | Found a roughly hewn altar of Beogh.
 19128 | Orc:2    | Noticed an orc warlord
 19141 | Orc:2    | Reached skill level 5 in Dodging
 19149 | Orc:2    | Killed an orc warlord
 19210 | Orc:2    | Found Emput's Antique Weapon Shoppe.
 19212 | Orc:2    | Found Horausuph's Antique Armour Emporium.
 19213 | Orc:2    | Found a roughly hewn altar of Beogh.
 19226 | Orc:2    | Bought a glowing hat for 182 gold pieces
 19324 | Orc:2    | Found a roughly hewn altar of Beogh.
 19355 | Orc:2    | Found a roughly hewn altar of Beogh.
 19356 | Orc:2    | Found Ocvat's Antique Weapon Shoppe.
 19521 | Orc:2    | Found Bupangunn's Distillery.
 19526 | Orc:2    | Bought a potion of heal wounds for 80 gold pieces
 19526 | Orc:2    | Bought 2 potions of curing for 96 gold pieces
 19526 | Orc:2    | Bought a potion of heal wounds for 80 gold pieces
 19526 | Orc:2    | Bought a potion of resistance for 160 gold pieces
 19796 | D:13     | Reached XP level 15. HP: 130/143 MP: 18/23
 20403 | D:13     | Found a gate to the Vaults.
 20414 | D:13     | Reached skill level 16 in Fighting
 20741 | D:14     | You fall into a shaft and drop 1 floor!
 20741 | D:15     | Entered Level 15 of the Dungeon
 20768 | D:15     | Noticed Agnes
 20773 | D:15     | Killed Agnes
 21276 | D:15     | Found a staircase to the Depths.
 21418 | D:15     | Noticed Rupert
 21423 | D:15     | Reached skill level 10 in Armour
 21431 | D:15     | Killed Rupert
 21568 | D:15     | Found Vibuih's Jewellery Emporium.
 21597 | D:15     | Identified 2 scrolls of acquirement
 21597 | D:15     | Acquired the +8 tower shield "Xatuttoc" {rF- rN+ rCorr
                  | Dex+5}
 21611 | D:15     | Acquired 590 gold pieces
 21613 | D:15     | Bought the ring "Lerotuom" {*Drain rElec rF+ MR+++ MP+9}
                  | for 699 gold pieces
 22169 | D:14     | Reached XP level 16. HP: 152/152 MP: 25/25
 22209 | D:14     | Got a bloodstained leather armour
 22794 | Elf:1    | Entered Level 1 of the Elven Halls
 22843 | Elf:1    | Reached XP level 17. HP: 160/160 MP: 26/26
 23621 | Elf:1    | Reached skill level 17 in Fighting
 23859 | Elf:1    | Identified the +3 leather armour "Ziusch" {MP+9 Int+2} (You
                  | found it on level 14 of the Dungeon)
 24386 | Elf:2    | Found an ancient bone altar of Kikubaaqudgha.
 24414 | Elf:2    | Found a runed translucent gate.
 24414 | Elf:2    | Found a runed translucent gate.
 24414 | Elf:2    | Found a runed translucent gate.
 24583 | Elf:3    | Entered Level 3 of the Elven Halls
 25142 | Elf:2    | Reached skill level 15 in Invocations
 25644 | Lair:6   | Reached XP level 18. HP: 171/171 MP: 28/28
 25832 | Lair:6   | Reached skill level 18 in Fighting
 26042 | Lair:6   | Got a glimmering trident
 26043 | Lair:6   | Identified the cursed +2 trident "Zaostrot" {flame, Str+3}
                  | (You found it on level 6 of the Lair of Beasts)
 26091 | Lair:6   | Found a staircase to the Slime Pits.
 26348 | Lair:6   | Identified the +1 ring mail of the Sun {Dex+3} (You found
                  | it on level 6 of the Lair of Beasts)
 26909 | Swamp:1  | Entered Level 1 of the Swamp
 27053 | Swamp:1  | Noticed Frances
 27105 | Swamp:1  | Killed Frances
 28644 | Swamp:3  | Found a runed translucent gate.
 28644 | Swamp:3  | Noticed Talioz's ghost (adept TrHu)
 28645 | Swamp:3  | Found a runed translucent gate.
 28645 | Swamp:3  | Noticed Imoorr's ghost (adept FoFi)
 28646 | Swamp:3  | Found a runed translucent gate.
 28693 | Swamp:3  | Killed Imoorr's ghost
 28720 | Swamp:3  | Killed Talioz's ghost
 29293 | Swamp:4  | Entered Level 4 of the Swamp
 29454 | Swamp:4  | Got a decaying rune of Zot
 29657 | Swamp:4  | Reached skill level 19 in Fighting
 29786 | Swamp:4  | Reached XP level 19. HP: 182/182 MP: 30/30
 30157 | Swamp:4  | Got a faintly glowing bronze ring
 30165 | Swamp:4  | Identified the ring "Dato Byc" {*Drain rF+ rC+ Stlth-} (You
                  | found it on level 4 of the Swamp)
 30419 | Snake:1  | Entered Level 1 of the Snake Pit
 30419 | Snake:1  | Noticed Azrael
 30444 | Snake:1  | Killed Azrael
 30732 | Snake:1  | Noticed Aizul
 30749 | Snake:1  | Killed Aizul
 30750 | Snake:1  | Noticed Roxanne
 30773 | Snake:1  | Killed Roxanne
 31895 | Snake:2  | Noticed Louise
 31939 | Snake:2  | Killed Louise
 32216 | Snake:3  | Noticed Mara
 32232 | Snake:3  | Noticed Amplified's illusion
 32283 | Snake:3  | Killed Mara
 32769 | Snake:4  | Entered Level 4 of the Snake Pit
 33255 | Snake:4  | Reached skill level 20 in Fighting
 33504 | Snake:4  | Reached XP level 20. HP: 193/193 MP: 31/31
 34603 | Snake:4  | Got a serpentine rune of Zot
 35018 | D:11     | Killed Lafudoeph's ghost
 35184 | Vaults:1 | Entered Level 1 of the Vaults
 35393 | Vaults:1 | Noticed Saint Roka
 35417 | Vaults:1 | Killed Saint Roka
 36551 | Vaults:2 | Reached skill level 21 in Fighting
 36555 | Vaults:2 | Reached XP level 21. HP: 204/204 MP: 32/32
 36681 | Vaults:2 | Found Gozag's Antique Weapon Boutique.
 36764 | Vaults:2 | Found an opulent altar of Gozag.
 36773 | Vaults:2 | Found Gozag's Assorted Antiques.
 36809 | Vaults:2 | Found Gozag's Antique Armour Shop.
 37014 | Vaults:2 | Found Myeluup's General Store.
 37022 | Vaults:2 | Bought a scroll of enchant weapon for 90 gold pieces
 37099 | Vaults:2 | Found Fochuihi's Magic Scroll Boutique.
 37128 | Vaults:2 | Bought a scroll of acquirement for 884 gold pieces
 37128 | Vaults:2 | Bought a scroll of fear for 59 gold pieces
 37128 | Vaults:2 | Bought a scroll of fear for 59 gold pieces
 37128 | Vaults:2 | Bought a scroll of teleportation for 51 gold pieces
 37128 | Vaults:2 | Bought a scroll of teleportation for 51 gold pieces
 37128 | Vaults:2 | Bought a scroll of enchant weapon for 127 gold pieces
 37128 | Vaults:2 | Bought a scroll of enchant armour for 127 gold pieces
 37128 | Vaults:2 | Bought a scroll of holy word for 127 gold pieces
 37128 | Vaults:2 | Bought a scroll of identify for 34 gold pieces
 37152 | Vaults:2 | Acquired 6 rations
 37303 | Vaults:2 | Found a staircase to the Crypt.
 37478 | Vaults:2 | Found Xeruosed's Antique Weapon Emporium.
 37502 | Vaults:2 | Found Uzaim's Book Emporium.
 37597 | Vaults:2 | Found Zujuyfi's Assorted Antiques.
 37605 | Vaults:2 | Bought a potion of heal wounds for 175 gold pieces
 37605 | Vaults:2 | Bought a potion of curing for 105 gold pieces
 37605 | Vaults:2 | Bought a potion of curing for 105 gold pieces
 37605 | Vaults:2 | Bought a scroll of identify for 70 gold pieces
 37605 | Vaults:2 | Bought a potion of mutation for 280 gold pieces
 37605 | Vaults:2 | Bought a scroll of identify for 70 gold pieces
 39606 | Vaults:3 | Reached skill level 15 in Axes
 39990 | Vaults:4 | Reached XP level 22. HP: 215/215 MP: 14/34
 40057 | Vaults:4 | Reached skill level 22 in Fighting
 41503 | Vaults:4 | Found a burning altar of Makhleb.
 41799 | Depths:1 | Entered Level 1 of the Depths
 41887 | Depths:1 | Reached XP level 23. HP: 182/225 MP: 3/35
 41912 | Depths:1 | Found a flickering gateway to a bazaar.
 41930 | Bazaar   | Entered a bazaar
 41930 | Bazaar   | Found Puugijitasm's Antique Weapon Shoppe.
 41930 | Bazaar   | Found Qyluigac's Book Shoppe.
 42002 | Bazaar   | Found Nyeckugy's Book Emporium.
 42002 | Bazaar   | Found Rishrij's Antique Armour Emporium.
 42018 | Bazaar   | Bought a manual of Fighting for 1104 gold pieces
 42022 | Bazaar   | Bought an embroidered cloak for 157 gold pieces
 42022 | Bazaar   | Bought a faintly humming chain mail for 199 gold pieces
 42023 | Bazaar   | Identified the +9 chain mail "Weluoc" {*Drain Int+5} (You
                  | bought it in a shop in a bazaar)
 42161 | Depths:1 | Found a huge runed gate.
 42161 | Depths:1 | Found a huge runed gate.
 42161 | Depths:1 | Found a huge runed gate.
 42161 | Depths:1 | Found a huge runed gate.
 42161 | Depths:1 | Found a huge runed gate.
 42161 | Depths:1 | Found a huge runed gate.
 42161 | Depths:1 | Found a huge runed gate.
 42162 | Depths:1 | Found a huge runed gate.
 42175 | Depths:1 | Found a gateway to Hell.
 42176 | Depths:1 | Found a huge runed gate.
 42177 | Depths:1 | Found a huge runed gate.
 42177 | Depths:1 | Found a huge runed gate.
 42177 | Depths:1 | Found a huge runed gate.
 42181 | Depths:1 | Found a huge runed gate.
 42183 | Depths:1 | Found a huge runed gate.
 42187 | Depths:1 | Found a huge runed gate.
 42199 | Depths:1 | Reached skill level 23 in Fighting
 42242 | Depths:1 | Found a huge runed gate.
 42243 | Depths:1 | Found a huge runed gate.
 42244 | Depths:1 | Found a huge runed gate.
 42244 | Depths:1 | Found a huge runed gate.
 42245 | Depths:1 | Found a huge runed gate.
 42280 | Depths:1 | Found a gateway to a ziggurat.
 42287 | Depths:1 | Identified the +7 buckler of Panentheism {*Slow rC+ SInv
                  | Stlth+} (You found it on level 1 of the Depths)
 42576 | Depths:1 | Found a huge runed gate.
 42578 | Depths:1 | Found a huge runed gate.
 42578 | Depths:1 | Found a huge runed gate.
 42579 | Depths:1 | Found a huge runed gate.
 42587 | Depths:1 | Found a huge runed gate.
 42587 | Depths:1 | Found a huge runed gate.
 43036 | Depths:2 | Found Viwka's Antique Armour Emporium.
 43051 | Depths:2 | Reached skill level 24 in Fighting
 43436 | Depths:2 | Found a runed translucent door.
 43442 | Depths:2 | Found a runed translucent door.
 43718 | Depths:2 | Reached skill level 25 in Fighting
 44222 | Depths:3 | Found Jaowie's Jewellery Shop.
 44230 | Depths:3 | Bought the brooch of Shielding {Spirit SH+8} for 831 gold
                  | pieces
 44230 | Depths:3 | Found the brooch of Shielding {Spirit SH+8}
 44390 | Depths:3 | Found a one-way gate leading to the halls of Pandemonium.
 44624 | Depths:3 | Reached skill level 26 in Fighting
 44663 | Depths:3 | Noticed Xtahua
 44669 | Depths:3 | Killed Xtahua
 45113 | Depths:3 | Paralysed by a floating eye for 3 turns
 45120 | Depths:3 | Paralysed by a floating eye for 2 turns
 45793 | Depths:4 | Reached skill level 27 in Fighting
 45893 | Depths:4 | Noticed a juggernaut
 45902 | Depths:4 | Reached XP level 24. HP: 249/249 MP: 14/35
 45911 | Depths:4 | Killed a juggernaut
 45911 | Depths:4 | Reached skill level 1 in Spellcasting
 46084 | Depths:4 | Found a one-way gate to the infinite horrors of the Abyss.
 46100 | Depths:4 | Found a shattered altar of Ashenzari.
 46357 | Depths:4 | Reached skill level 10 in Dodging
 46465 | Depths:4 | Identified the +1 chain mail of the Bulwark {rCorr Int+2
                  | Dex-2 SInv} (You found it on level 4 of the Depths)
 47038 | Depths:5 | Entered Level 5 of the Depths
 47065 | Depths:5 | Found Zuts's Assorted Antiques.
 47229 | Depths:5 | Bought a potion of mutation for 264 gold pieces
 47229 | Depths:5 | Bought a potion of cancellation for 264 gold pieces
 47306 | Depths:5 | Reached skill level 5 in Spellcasting
 47314 | Depths:5 | Found a gate to the Realm of Zot.
 47530 | Depths:5 | Found Tacawoiz's Antique Weapon Boutique.
 47539 | Depths:5 | Reached XP level 25. HP: 243/257 MP: 13/35
 48400 | Elf:3    | Identified the +2 chain mail of Kaptali {SInv}
 48501 | Elf:3    | Identified the +4 rapier of Hyudapnu {vorpal, rF+}
 48508 | Elf:3    | Identified the ring "Pofattom" {+Fly Dex+2 Stlth+}
 48523 | Elf:3    | Identified the ring of Igul {rCorr Stlth+}
 49031 | Elf:3    | Identified the +6 chain mail of Plog {rN++ MR- Str+6} (You
                  | found it on level 3 of the Elven Halls)
 49393 | Crypt:1  | Entered Level 1 of the Crypt
 49738 | Crypt:2  | Reached skill level 15 in Armour
 50221 | Crypt:3  | Entered Level 3 of the Crypt
 50797 | Crypt:3  | Identified the cursed +0 ring mail of Rotola {MR+++ Dex+3}
                  | (You found it on level 3 of the Crypt)
 50865 | Crypt:3  | Noticed an ancient lich
 50880 | Crypt:3  | Killed an ancient lich
 51042 | Crypt:3  | Found a staircase to the Tomb.
 51479 | Crypt:3  | Identified the Tome of Black Arts
 51486 | Crypt:3  | Identified the +2 long sword of Suicidal Tendencies
                  | {antimagic, Dex+6} (You found it on level 3 of the Crypt)
 52320 | Vaults:5 | Entered Level 5 of the Vaults
 52445 | Vaults:5 | Reached skill level 15 in Dodging
 52451 | Vaults:5 | Reached XP level 26. HP: 243/266 MP: 7/35
 53166 | Vaults:5 | Identified the amulet of Homokyl {Spirit Int+3 Slay+3 SInv}
 53169 | Vaults:5 | Identified the +1 triple sword "Vufagos" {flame, rPois
                  | Dex+2}
 53169 | Vaults:5 | Identified the +2 robe of Mysticism {rPois MR++ Str+4}
 53181 | Vaults:5 | Identified the cursed +1 robe of the Hurricane {rPois MR-
                  | Regen+}
 53193 | Vaults:5 | Identified the +3 rapier "Widowmaker" {venom, rElec MR+}
 53226 | Vaults:5 | Reached skill level 10 in Spellcasting
 53408 | Vaults:5 | Identified the +8 plate armour "Puwnac" {Stlth+}
 54024 | Vaults:5 | Identified Ucin's Collected Works on Toxins and the Oath
 54167 | Vaults:5 | Got a heavily runed bone ring
 54255 | Vaults:5 | Identified the Grimoire of Destructive Poisoning
 54417 | Vaults:5 | Got a silver rune of Zot
 54654 | Vaults:2 | Identified the ring "Ukoiwye" {rPois rF+} (You found it on
                  | level 5 of the Vaults)
 55159 | Depths:4 | Voluntarily entered the Abyss.
 55383 | Abyss:1  | Gained mutation: Your magical capacity is low. (-10% MP) [a
                  | neqoxec]
 55448 | Abyss:1  | Reached XP level 27. HP: 218/218 MP: 32/32
 55552 | Abyss:3  | Found a corrupted altar of Lugonu.
 55639 | Abyss:3  | Gained mutation: Scrolls take you a little longer to read.
                  | [a neqoxec]
 55655 | Abyss:4  | Gained mutation: Your mind is acute. (Int +2) [a neqoxec]
 55657 | Abyss:4  | Gained mutation: Your body sometimes deteriorates upon
                  | taking damage. [a neqoxec]
 55696 | Abyss:4  | Learned a level 2 spell: Passwall
 55721 | Abyss:4  | Found a corrupted altar of Lugonu.
 55748 | Abyss:4  | Got an abyssal rune of Zot
 55768 | Depths:4 | Escaped the Abyss
 56224 | Slime:1  | Entered Level 1 of the Pits of Slime
 56373 | Slime:2  | Found a viscous altar of Jiyva.
 56484 | Slime:4  | Gained mutation: You are clumsy. (Dex -2) [a shining eye]
 56508 | Slime:5  | Entered Level 5 of the Pits of Slime
 56509 | Slime:5  | Gained mutation: Scrolls take you longer to read. [a
                  | shining eye]
 56580 | Slime:5  | Gained mutation: Scrolls take you much longer to read. [a
                  | shining eye]
 56627 | Slime:5  | Noticed the Royal Jelly
 56701 | Slime:5  | Found a viscous altar of Jiyva.
 56708 | Slime:5  | Killed the Royal Jelly
 56856 | Slime:5  | Identified Tumoemm's Compendium of the Mountains and the
                  | Glacier
 56861 | Slime:5  | Identified the Tome of Beguiling
 57057 | Slime:5  | Got a crude lead ring
 57061 | Slime:5  | Identified the ring "Xuretz" {rPois AC+4} (You found it on
                  | level 5 of the Pits of Slime)
 57104 | Slime:5  | Got a slimy rune of Zot
 57109 | Slime:5  | Identified the cursed +0 demon trident of Disarray {elec,
                  | *Noise +Fly rN++ Dex+3} (You found it on level 5 of the
                  | Pits of Slime)
 57126 | Slime:5  | Identified the Compendium of Weightlessness and Stolen
                  | Souls
 57128 | Slime:5  | Identified Keivus's Almanac of Feathers
 57130 | Slime:5  | Identified Oleikkale's Tome of Heat and Evil Arts
 57571 | Zig:1    | Entered Level 1 of a ziggurat
 57585 | Zig:2    | Entered Level 2 of a ziggurat
 57604 | Zig:2    | Lost mutation: You are clumsy. (Dex -2) [potion of
                  | mutation]
 57604 | Zig:2    | Lost mutation: Scrolls take you much longer to read.
                  | [potion of mutation]
 57604 | Zig:2    | Gained mutation: You are partially covered in rugged brown
                  | scales. (AC +1, +3% HP) [potion of mutation]
 57606 | Zig:3    | Entered Level 3 of a ziggurat
 57636 | Zig:3    | Lost mutation: Your magical capacity is low. (-10% MP)
                  | [potion of mutation]
 57636 | Zig:3    | Lost mutation: Your mind is acute. (Int +2) [potion of
                  | mutation]
 57636 | Zig:3    | Gained mutation: You are somewhat resistant to further
                  | mutation. [potion of mutation]
 57637 | Zig:3    | Lost mutation: You are somewhat resistant to further
                  | mutation. [potion of mutation]
 57637 | Zig:3    | Lost mutation: Scrolls take you longer to read. [potion of
                  | mutation]
 57637 | Zig:3    | Lost mutation: Your body sometimes deteriorates upon taking
                  | damage. [potion of mutation]
 57637 | Zig:3    | Gained mutation: You are partially covered in icy blue
                  | scales. (AC +2) [potion of mutation]
 57637 | Zig:3    | Gained mutation: You are resistant to hostile enchantments.
                  | (MR+) [potion of mutation]
 57642 | Zig:4    | Entered Level 4 of a ziggurat
 57664 | Zig:5    | Entered Level 5 of a ziggurat
 57664 | Zig:5    | Noticed a greater mummy
 57667 | Zig:5    | Noticed a greater mummy
 57678 | Zig:5    | Killed a greater mummy
 57680 | Zig:5    | Killed a greater mummy
 57987 | Zig:5    | Lost mutation: You are resistant to hostile enchantments.
                  | (MR+) [potion of mutation]
 57987 | Zig:5    | Lost mutation: You are partially covered in icy blue
                  | scales. (AC +2) [potion of mutation]
 57987 | Zig:5    | Lost mutation: Scrolls take you a little longer to read.
                  | [potion of mutation]
 57987 | Zig:5    | Gained mutation: You are somewhat resistant to further
                  | mutation. [potion of mutation]
 57989 | Zig:6    | Entered Level 6 of a ziggurat
 58018 | Zig:6    | Identified the +1 chain mail of the Endless Expanse {Harm
                  | +Blink MR+++ Dex-3} (You found it on level 6 of a ziggurat)
 58029 | Zig:7    | Entered Level 7 of a ziggurat
 58074 | Zig:8    | Entered Level 8 of a ziggurat
 58132 | Zig:9    | Entered Level 9 of a ziggurat
 58314 | Zig:10   | Entered Level 10 of a ziggurat
 58490 | Zig:11   | Entered Level 11 of a ziggurat
 58496 | Zig:11   | Noticed a greater mummy
 58614 | D:15     | Bought the amulet "Taugoat" {Faith *Corrode rN++ Str+3
                  | Stlth+} for 915 gold pieces
 58763 | Zot:1    | Entered Level 1 of the Realm of Zot
 58763 | Zot:1    | Noticed an orb of fire
 58778 | Zot:1    | Gained mutation: You are frail. (-10% HP) [an orb of fire]
 58789 | Zot:1    | Killed an orb of fire
 58859 | Zot:2    | Noticed an ancient lich
 58873 | Zot:2    | Killed an ancient lich
 58992 | Zot:5    | Entered Level 5 of the Realm of Zot
 59548 | Zot:5    | Noticed an ancient lich
 59573 | Zot:5    | Noticed an ancient lich
 59574 | Zot:5    | Noticed an orb of fire
 59582 | Zot:5    | Killed an orb of fire
 59589 | Zot:5    | Killed an ancient lich
 59702 | Zot:5    | Learned a level 2 spell: Blink
 59752 | Zot:5    | Noticed an orb of fire
 59766 | Zot:5    | Gained mutation: Your magical capacity is low. (-10% MP)
                  | [an orb of fire]
 59769 | Zot:5    | Killed an orb of fire
 59773 | Zot:5    | Gained mutation: Your body sometimes deteriorates upon
                  | taking damage. [mutagenic glow]
 59788 | Zot:5    | Gained mutation: Your body often deteriorates upon taking
                  | damage. [mutagenic glow]
 59789 | Zot:5    | Noticed an ancient lich
 59799 | Zot:5    | Killed an ancient lich
 59819 | Zot:5    | Killed an ancient lich
 60119 | Zot:5    | Noticed an orb of fire
 60132 | Zot:5    | Killed an orb of fire
 60132 | Zot:5    | Noticed an orb of fire
 60141 | Zot:5    | Killed an orb of fire
 60466 | Zot:5    | Got the Orb of Zot
 61143 | D:$      | Escaped with the Orb!

Illustrated notes

Levels and vault maps discovered:
D:1:      nzn_arrival_depleted_hourglass, layout_rooms
D:2:      layout_basic, nicolae_gozag_seed_capital
D:3:      layout_loops_ring, dancing_weapons_uskayaw,
          chequers_temple_overflow_minitemple, first_ration,
          chequers_ecumenical_altar_island, uniq_ijyb, uniq_natasha
D:4:      cheibrodos_thug_alley, layout_basic, kennysheep_little_box,
          serial_shops, kennysheep_mini, saegor_snake_ambush
D:5:      layout_basic, serial_shops, kennysheep_mini_moat,
          kennysheep_windowed_goal, uniq_prince_ribbit1
D:6:      layout_basic, minmay_temple_entry_purple_smoke, enter_ossuary_1,
          uniq_grinder
D:7:      layout_basic, minmay_misc_feat_doors, uniq_harold
D:8:      layout_loops_ring, overflow_temple_1_default, lair_entry_dummy,
          serial_shops, nicolae_shop_statue_plus, uniq_grum, uniq_joseph
D:9:      layout_roguey, uniq_erolcha
D:10:     layout_roguey, basic_altar, grunt_pizzeria
D:11:     layout_small_grid, kennysheep_orc_monster_closet_entryway,
          muffindrake_ghost_dual_entry
D:12:     layout_long_grid, serial_shops, nicolae_shop_behind_doors,
          serial_undead, serial_undead_a, serial_undead_b, serial_undead_a,
          serial_undead_b, serial_undead_e, serial_undead_b, serial_undead_c,
          chequers_garden, uniq_maurice, uniq_jorgrun
D:13:     layout_loops_cross, grunt_vaults_entry_tiered
D:14:     layout_gridville, kennysheep_nub
D:15:     grunt_enter_depths_hoard, layout_loops_cross, serial_shops,
          nicolae_shop_temple_entry_statues_fountains, uniq_rupert, uniq_agnes
Lair:1:   layout_cave_shapes, nicolae_volcano_entry_batcave, grunt_megastairs_2
Lair:2:   layout_regular_city, guppyfry_snake_entry_garden,
          chequers_serial_rivers_micro_a
Lair:3:   layout_roguey, nicolae_swamp_entry_splash_gauntlet, minivault_26
Lair:4:   layout_misc_corridors, gauntlet_entry_generic, minivault_25
Lair:5:   layout_cave_pods
Lair:6:   hangedman_lair_in_review, layout_regular_city,
          guppyfry_lair_end_dragon, slime_dummy, minivault_29,
          infiniplex_staircase_pool_2
Swamp:1:  layout_basic_swamp, infiniplex_staircase_pool, uniq_frances
Swamp:2:  layout_basic_swamp, serial_swamp_ruin, evilmike_swamp_ruin_house_2,
          evilmike_swamp_ruin_house_5
Swamp:3:  layout_basic_swamp, gammafunk_ghost_cemetery,
          hangedman_swamp_ruin_wall
Swamp:4:  swamp, layout_basic_swamp
Snake:1:  layout_honeycomb, uniq_roxanne, uniq_aizul, uniq_azrael
Snake:2:  layout_rooms, nicolae_snake_double_loop, grunt_megastairs_3,
          uniq_louise
Snake:3:  layout_onion_interference, uniq_mara
Snake:4:  grunt_snake_rune_serpentine_throne, layout_cave_town
Slime:1:  nicolae_slime_jelly_donut, layout_caves
Slime:2:  layout_caves, basic_altar, uniq_dissolution
Slime:3:  layout_caves, cheibrodos_slime_lost_civilization_6
Slime:4:  layout_caves, cheibrodos_slime_lost_civilization_4
Slime:5
Orc:1:    layout_diamond_mine, enter_bailey_3
Orc:2:    grunt_orc_community_town_hall, layout_diamond_mine,
          grunt_orc_community_big_house_2, grunt_orc_community_big_house_1,
          grunt_orc_community_house_1, grunt_orc_community_house_2,
          grunt_orc_community_house_1, grunt_orc_community_house_2, basic_altar
Elf:1:    layout_geoelf_octagon, hangedman_elf_represent
Elf:2:    layout_gridlike, basic_altar, serial_glass, glass_columns_b,
          glass_columns_b
Elf:3:    grunt_elf_hall_diamonds, layout_rooms
Vaults:1: v_misc_26, hangedman_vaults_stretched_pinwheel,
          nicolae_vaults_little_squares_6, nicolae_vaults_little_squares_3,
          v_pattern_1, layout_vaults_big_room, uniq_saint_roka
Vaults:2: dpeg_vaults_monster_row, ontoclasm_vaults_twist,
          kennysheep_vaults_gozag_temple, v_alt_pattern_2,
          dpeg_vaults_monster_box, v_rooms_5, nicolae_vaults_little_squares_1,
          minmay_crypt_entry_simple_round, v_alt_pattern_2, vaults_room_fours,
          ontoclasm_vaults_misaligned, layout_vaults_ring, serial_shops,
          nicolae_shop_overgrown_old_shop, nicolae_shop_waterfront,
          nicolae_shop_trees, shop, nicolae_shop_stone
Vaults:3: hangedman_vaults_cutoff, nicolae_vaults_alarming,
          nicolae_vaults_ring_of_whatevers, v_misc_11, v_pattern_5,
          nicolae_vaults_three_branches, layout_vaults_quadrants
Vaults:4: nicolae_vaults_network_barrier, v_misc_24,
          nicolae_vaults_twisting_passages, nicolae_vaults_border_crossing,
          v_pattern_3, v_rooms_3, ontoclasm_vaults_spin,
          ontoclasm_vaults_shuriken, vaults_room_glass_cross, vaults_dpeg_hooks,
          grunt_vaults_diagonal, nicolae_vaults_little_squares_6,
          vaults_room_door_ring, layout_vaults_maze_bifur, basic_altar
Vaults:5: serial_shops
Crypt:1:  layout_catacombs
Crypt:2:  layout_misc_corridors
Crypt:3:  due_elkab, layout_chaotic_city
Depths:1: layout_honeycomb, enter_ziggurat_b, minivault_14, serial_shops,
          bzr_in_the_mist, hell_entry, door_vault
Depths:2: thingy_vault_2, layout_twisted_cross, serial_shops,
          nicolae_shop_overgrown_old_shop, lightli_too_deep, grunt_megastairs_4
Depths:3: hangedman_stitches_corridor, layout_basic, serial_shops,
          nicolae_shop_statue_plus, grunt_pan_entry_sceptre,
          serial_bayou_pond_e, grunt_hell_entry_dis_grunt,
          hangedman_decor_riveting, infiniplex_staircase_zigzag_4, uniq_xtahua
Depths:4: grunt_arcs, layout_small_grid, ashenzari_altar_1,
          abyss_entry_small_statue_room, rand_demon_pan_entry_4, hell_entry,
          minmay_splitting_lines
Depths:5: grunt_zot_entry_funnels, layout_basic, minmay_misc_feat_diagonals,
          rand_demon_pan_entry_9, serial_shops, shop,
          nicolae_shop_competitors_out_of_business, hell_entry
Zot:1:    layout_cellular_growth
Zot:2:    ebering_klown_carousel, layout_cellular_growth, grunt_ministairs_9,
          lemuel_golem_globe
Zot:3:    layout_basic, skrybe_zot_glass_1
Zot:4:    layout_gridville
Zot:5:    layout_misc_corridors

Skill      XL: |  1  2  3  4  5  6  7  8  9 10 11 12 13 14 15 16 17 18 19 20 21 22 23 24 25 26 27 |
---------------+----------------------------------------------------------------------------------+-----
Shields        | 4 5 6 8 9 10 12 13 14 15 16 19 21 22 24 25 | 25.3
Axes           | 3 4 6 7 9 10 11 13 14 15 18 | 18.2
Fighting       | 4 5 6 8 9 10 12 13 14 15 16 17 19 20 21 22 27 | 27.0
Armour         | 4 7 10 13 16 18 23 | 23.1
Dodging        | 1 5 8 12 15 17 25 | 25.0
Invocations    | 1 2 3 5 6 8 9 10 12 13 15 16 17 18 19 21 | 21.8
Spellcasting   | 5 8 10 11 | 11.7

Action                   |  1- 3 |  4- 6 |  7- 9 | 10-12 | 13-15 | 16-18 | 19-21 | 22-24 | 25-27 || total
-------------------------+-------+-------+-------+-------+-------+-------+-------+-------+-------++-------
Melee: War axe           |    51 |    95 |   144 |       |       |       |       |       |       ||   290
       Headbutt          |     4 |    16 |    73 |   172 |   439 |   449 |   701 |   490 |   727 ||  3071
       Hand axe          |       |       |    80 |   445 |  1113 |  1129 |  1486 |       |       ||  4253
       Broad axe         |       |       |       |       |       |       |   165 |  1280 |  1912 ||  3357
       Unarmed           |       |       |       |       |       |       |       |       |     1 ||     1
Throw: Dart              |       |     6 |    23 |     7 |     3 |       |     3 |       |       ||    42
       Throwing net      |       |       |       |     2 |     4 |       |     1 |       |       ||     7
 Cast: Blink             |       |       |       |       |       |       |       |       |     2 ||     2
       Passwall          |       |       |       |       |       |       |       |       |     1 ||     1
Invok: Bend Time         |       |     1 |     4 |    11 |     8 |     2 |     3 |     3 |     1 ||    33
       Temporal Distorti |       |       |     1 |       |       |       |       |       |       ||     1
       Slouch            |       |       |       |     5 |    20 |    11 |    13 |     6 |    17 ||    72
 Abil: Evoke Flight      |       |       |       |       |       |     3 |       |       |       ||     3
Evoke: Wand              |       |       |     2 |    15 |     7 |     1 |     1 |       |     7 ||    33
  Use: Scroll            |     6 |     6 |    15 |     5 |    20 |     8 |    12 |     6 |    46 ||   124
       Potion            |     1 |     2 |     3 |     1 |     8 |     4 |     2 |       |    29 ||    50
 Stab: Paralysed         |       |       |     2 |     6 |       |       |       |       |       ||     8
       Confused          |       |       |       |     5 |     1 |       |       |       |     1 ||     7
       Sleeping          |       |       |       |     5 |       |       |       |       |     4 ||     9
       Held in net/web   |       |       |       |     1 |     2 |       |       |       |       ||     3
       Invisible         |       |       |       |       |    17 |    13 |       |       |     6 ||    36
       Distracted        |       |       |       |       |     1 |     1 |       |       |     1 ||     3
       Petrified         |       |       |       |       |     1 |     2 |       |       |       ||     3
  Eat: Chunk             |     1 |     3 |     2 |     3 |    11 |     9 |    13 |     8 |     2 ||    52
       Ration            |       |     1 |     1 |     3 |     4 |     2 |     3 |     4 |     8 ||    26
Armor: Scale mail        |    33 |    44 |    52 |       |       |       |       |       |       ||   129
       Skin              |       |       |     7 |       |     1 |       |       |       |       ||     8
       Ring mail         |       |       |     5 |    82 |     8 |       |       |       |       ||    95
       Plate armour      |       |       |       |       |   158 |       |       |       |       ||   158
       Gold dragon scale |       |       |       |       |   168 |   229 |   234 |   188 |   202 ||  1021
       Chain mail        |       |       |       |       |       |       |       |       |    40 ||    40
Dodge: Dodged            |    19 |    31 |    65 |   110 |   281 |   171 |   261 |   205 |   617 ||  1760
Block: Kite shield       |    28 |    59 |   136 |   340 |   724 |       |       |       |       ||  1287
       Tower shield      |       |       |       |       |   113 |  1289 |  2106 |  1577 |  2599 ||  7684
       Reflection        |       |       |       |       |       |    18 |   277 |    94 |       ||   389
